 Dungeon Crawl Stone Soup version 0.27-a0-328-g7f782ed93a (webtiles) character file.

Game seed: 15369619648163053854

13342 dinky3 the Nimble (level 12, 0/96 HPs)
             Began as an Octopode Monk on Feb 11, 2021.
             Was the Champion of Cheibriados.
             Killed by vampiric draining
             ... invoked by a vampire
              (13 damage)
             ... on level 11 of the Dungeon.
             The game lasted 00:12:52 (12937 turns).

dinky3 the Nimble (Octopode Monk)                  Turns: 12937, Time: 00:12:53

Health: 0/96       AC:  5    Str: 31    XL:     12   Next: 5%
Magic:  22/22      EV: 25    Int: 31    God:    Cheibriados [******]
Gold:   592        SH: 17    Dex: 34    Spells: 5/11 levels left

rFire    . . .     SeeInvis +   b - +3 scimitar
rCold    . . .     Faith    .   O - +0 tower shield
rNeg     . . .     Spirit   .   h - +0 hat {Int+3}
rPois    .         Reflect  .   (no amulet)
rElec    .         Harm     .   l - ring of wizardry
rCorr    .         Rampage  .   A - +6 ring of strength
Will     .....                  B - ring of magical power
Stlth    +++++.....             L - +4 ring of protection
HPRegen  0.26/turn              (no ring)
MPRegen  0.18/turn              (no ring)
                                (no ring)
                                (no ring)

@: weak-willed, very slow
A: almost no armour, stealthy swim, amphibious, 8 rings, constrict 8, camouflage
1, see invisible, robust 1, wild magic 1, gelatinous body 1
a: Renounce Religion, Bend Time, Temporal Distortion, Slouch, Step From Time


You were on level 11 of the Dungeon.
You worshipped Cheibriados.
Cheibriados was exalted by your worship.
You visited 2 branches of the dungeon, and saw 13 of its levels.
You also visited: Ossuary.

You collected 857 gold pieces.
You spent 265 gold pieces at shops.

Inventory:

Hand Weapons
 a - a +2 short sword of draining
 b - a +3 scimitar (weapon)
 x - a +1 dagger of draining
 C - a +0 falchion
 D - a +0 vampiric dagger
 H - a +3 falchion of freezing
 J - a +4 dagger
 N - a +1 great sword
Missiles
 n - 7 atropa-tipped darts (quivered)
 q - a throwing net
 y - 2 curare-tipped darts
 G - 16 boomerangs
Armour
 h - a +0 hat of intelligence (worn)
 O - a +0 tower shield (worn)
Jewellery
 l - a ring of wizardry (left tentacle)
 A - a +6 ring of strength (right tentacle)
 B - a ring of magical power (on tentacle)
 L - a +4 ring of protection (on tentacle)
Wands
 o - a wand of charming (7)
 p - a wand of paralysis (10)
 F - a wand of polymorph (6)
 K - a wand of iceblast (9)
Scrolls
 c - 4 scrolls of blinking
 f - 2 scrolls of immolation
 g - 6 scrolls of amnesia
 j - 5 scrolls of teleportation
 t - 3 scrolls of magic mapping
 v - 2 scrolls of fear
 z - 5 scrolls of identify
 M - 2 scrolls of vulnerability {unknown}
 P - a scroll of acquirement {unknown}
Potions
 d - 2 potions of lignification
 e - 3 potions of attraction
 i - 2 potions of mutation
 k - 3 potions of flight
 m - 6 potions of cancellation
 r - 4 potions of heal wounds
 s - 7 potions of curing
 u - a potion of brilliance
 w - 2 potions of invisibility
 E - 3 potions of might
 I - a potion of magic


   Skills:
 - Level 10.3 Fighting
 - Level 8.5(9.4) Short Blades
 + Level 6.3(8.3) Long Blades
 - Level 10.4 Dodging
 - Level 6.0 Stealth
 * Level 2.5 Shields
 + Level 1.9 Invocations
 + Level 6.7 Evocations


You had 5 spell levels left.
You knew the following spells:

 Your Spells              Type           Power        Failure   Level
a - Apportation           Tloc           0%           58%         1
b - Mephitic Cloud        Conj/Pois/Air  0%           89%         3
c - Poisonous Vapours     Pois/Air       0%           71%         2

Your spell library contained the following spells:

 Spells                   Type           Power        Failure   Level
 Animate Skeleton         Necr           0%           58%         1
 Corona                   Hex            0%           58%         1
 Foxfire                  Conj/Fire      0%           58%         1
 Shock                    Conj/Air       0%           58%         1
 Sting                    Tmut/Pois      0%           58%         1
 Summon Small Mammal      Summ           0%           58%         1
 Ensorcelled Hibernation  Hex/Ice        0%           71%         2
 Swiftness                Air            0%           71%         2
 Confusing Touch          Hex            0%           89%         3
 Conjure Flame            Conj/Fire      0%           89%         3
 Dazzling Flash           Conj/Hex       0%           89%         3
 Ignite Poison            Fire/Tmut/Pois 0%           89%         3
 Inner Flame              Hex/Fire       0%           89%         3
 Static Discharge         Conj/Air       0%           89%         3
 Tukima's Dance           Hex            0%           89%         3
 Airstrike                Air            0%           99%         4
 Olgreb's Toxic Radiance  Pois           0%           99%         4
 Sticky Flame             Conj/Fire      0%           99%         4
 Fireball                 Conj/Fire      0%           100%        5
 Lightning Bolt           Conj/Air       0%           100%        5


Dungeon Overview and Level Annotations

Branches:
Dungeon (12/15)            Temple (1/1) D:4            Lair (0/6) D:9
    Orc (0/2) D:9         Ossuary (visited)

Altars:
Ashenzari
Cheibriados
Dithmenos
Elyvilon
Fedhas
Gozag
Hepliaklqana
Kikubaaqudgha
Makhleb
Nemelex Xobeh
Okawaru
Qazlal
Ru
Sif Muna
Trog
Uskayaw
Vehumet
Wu Jian
Xom
Yredelemnul
Zin
The Shining One

Shops:
D:4 !   D:6 ?   D:7 !   D:8 (   D:10 [

Annotations:
D:4 3 runed translucent doors, killer11drew's ghost, amateur DsFi
D:8 2 transporters, exclusion: skeleton, Psyche; foci's ghost, novice GrFi
D:9 exclusion: obsidian statue


Innate Abilities, Weirdness & Mutations

You cannot wear most types of armour.
You are very stealthy in the water. (Stealth+)
You are amphibious.
You can wear up to eight rings at the same time.
You can use your tentacles to constrict eight enemies at once.
Your skin changes colour to match your surroundings (Stealth+).
Your rubbery body absorbs attacks. (AC +1, EV +1)
You have supernaturally acute eyesight. (SInv)
You are robust. (+10% HP)
Your spells are a little harder to cast, but a little more powerful.


Message History

You start resting.
HP restored.
You climb downwards.
You block the jelly's attack. You block the orc's attack.
The phantasmal warrior hits you. The vampire completely misses you.
You riposte.
You slash the vampire! Your grab misses the vampire. You squeeze the vampire!
The vampire is heavily damaged.
The vampire completely misses you.
There is a stone staircase leading up, spattered with blood here.
You block the jelly's attack. The orc hits you with a +0 short sword.
The phantasmal warrior closely misses you.
The vampire barely misses you. You block the vampire's attack.
You climb upwards.
There is a stone staircase leading down, spattered with blood here.
You hit the vampire but do no damage. Your grab misses the vampire.
The vampire is heavily damaged.
You block the jelly's attack. You block the orc's attack.
The phantasmal warrior misses you.
The vampire is infused with unholy energy.
The vampire draws life force from you and is healed!
You block the jelly's attack. The orc hits you but does no damage.
You hit the vampire but do no damage. You grab the vampire.
You squeeze the vampire!
The vampire is severely damaged.
You constrict the vampire. The phantasmal warrior hits you!!
The vampire barely misses you. You block the vampire's attack.
You block the jelly's attack. The orc completely misses you.
The phantasmal warrior hits you!
You hit the vampire but do no damage.
You squeeze the vampire, but do no damage.
The vampire is severely damaged.
You constrict the vampire.
The vampire is infused with unholy energy.
The vampire draws life force from you and is healed!
The jelly hits you but does no damage. You block the orc's attack.
The phantasmal warrior hits you!!
* * * LOW HITPOINT WARNING * * *
Your willpower is stripped away!
The vampire is infused with unholy energy.
You die...

........#
#.#########
#######.#
#.........# #.#
#########.######
#.# #.............#
#.# #.###....####.#
#.# #.# #.#### #.#
#.####.###.## #.#
#######........VoJ#
#.#
..............##@.#
#.#
#####.#######.##.W#
#.# #####.#
##.##).# #.#
....#.# ##...#[.#
#.# ###.#.#
##.###...######.##
##.#.# #.##
##.[..)<....#
##.#..## #.#
#..######..#
..###..# #.## ##.##
#..#
##.#...####.###.##
#..#


You could see a phantasmal warrior, a vampire, a jelly and an orc.

Vanquished Creatures
  Gastronok (D:8)
  A boulder beetle (D:12)
  A two-headed ogre (D:9)
  An unseen horror (D:11)
  A phantasmal warrior (D:11)
  Pikel (D:5)
  A cyclops (D:11)
  An ugly thing (D:7)
  A troll (D:9)
  Grinder (D:6)
  A vampire (D:10)
  Sigmund (D:3)
  Grum (D:8)
  An acid dragon (D:11)
  Menkaure (D:5)
  A water moccasin (D:8)
  Duvessa (D:6)
  An ice beast (D:5)
  An eye of draining (D:9)
  2 sky beasts
  2 orc warriors
  7 necrophages
  4 ogres
  4 wolves
  9 centaurs
  3 lemures (D:5)
  2 phantoms
  Blork the orc (D:5)
  3 kobold brigands
  5 bullfrogs
  A wyvern zombie (D:6)
  An elf zombie (Ossuary)
  2 jellies
  Dowan (D:6)
  A wyvern skeleton (D:11)
  3 scorpions
  8 killer bees
  13 wights
  3 electric eels (D:9)
  6 howler monkeys
  4 centaur zombies (Ossuary)
  A quasit (D:11)
  2 human zombies (Ossuary)
  2 bullfrog skeletons
  10 hounds
  11 orc priests
  A centaur skeleton (D:11)
  Ijyb (D:3)
  2 iguanas
  Natasha (D:2)
  10 orc wizards
  5 worker ants
  A hound zombie (D:6)
  A howler monkey zombie (D:6)
  2 mummies (Ossuary)
  3 worker ant zombies
  20 gnolls
  2 howler monkey skeletons
  14 adders
  4 shadow imps
  A white imp (D:5)
  2 ufetubi
  An ooze (D:5)
  2 adder zombies (D:5)
  2 adder skeletons
  2 worms (D:2)
  A dart slug (D:1)
  6 leopard geckos
  42 orcs
  2 ball pythons
  4 giant cockroaches
  10 goblins
  11 hobgoblins
  14 jackals
  47 kobolds
  7 quokkas
  9 bats
  8 frilled lizards
  2 goblin zombies
  8 hobgoblin zombies (Ossuary)
  3 jackal zombies (Ossuary)
  9 kobold zombies (Ossuary)
  8 orc zombies (Ossuary)
  A quokka skeleton (D:9)
  6 rats
  2 rat zombies
407 creatures vanquished.

Notes
Turn   | Place    | Note
-------+----------+-------------------------------------------
     0 | D:1      | dinky3 the Octopode Monk began the quest for the Orb.
     0 | D:1      | Reached XP level 1. HP: 16/16 MP: 1/1
   109 | D:1      | Reached XP level 2. HP: 21/21 MP: 2/2
   388 | D:1      | Reached XP level 3. HP: 25/26 MP: 3/3
  1043 | D:2      | Reached XP level 4. HP: 32/32 MP: 4/4
  1314 | D:2      | Found a burning altar of Makhleb.
  1322 | D:2      | Noticed Natasha
  1327 | D:2      | Killed Natasha
  1592 | D:2      | Reached XP level 5. HP: 37/37 MP: 5/5
  1609 | D:2      | Found a shimmering blue altar of Sif Muna.
  1849 | D:3      | Found a white marble altar of Elyvilon.
  1901 | D:3      | Noticed Ijyb
  1914 | D:3      | Killed Ijyb
  2199 | D:3      | You fall into a shaft and drop 2 floors!
  2199 | D:5      | Entered Level 5 of the Dungeon
  2233 | D:4      | Reached skill level 1 in Short Blades
  2247 | D:4      | Found Ceaviler's Distillery.
  2267 | D:4      | Bought 2 potions of heal wounds for 100 gold pieces
  2267 | D:4      | Bought a potion of curing for 30 gold pieces
  2267 | D:4      | Bought 2 potions of curing for 60 gold pieces
  2293 | D:4      | Found a staircase to the Ecumenical Temple.
  2345 | Temple   | Entered the Ecumenical Temple
  2414 | Temple   | Became a worshipper of Cheibriados the Contemplative
  2414 | Temple   | Reached * piety under Cheibriados
  2414 | Temple   | Reached ** piety under Cheibriados
  2434 | D:4      | Noticed a phantom
  2450 | D:4      | Killed a phantom
  2451 | D:4      | Reached XP level 6. HP: 44/44 MP: 6/6
  2528 | D:4      | Found a broken altar of Ashenzari.
  2530 | D:4      | Found a white marble altar of Elyvilon.
  2530 | D:4      | Found a basalt altar of Yredelemnul.
  2581 | D:4      | Found a basalt altar of Yredelemnul.
  2581 | D:4      | Found a stormy altar of Qazlal.
  2581 | D:4      | Found a shimmering altar of Xom.
  2874 | D:3      | Noticed Sigmund
  2895 | D:3      | HP: 1/45 [Sigmund/+0 scythe (7)]
  2897 | D:3      | Killed Sigmund
  2898 | D:3      | Reached skill level 5 in Fighting
  2898 | D:3      | Reached skill level 5 in Dodging
  2898 | D:3      | Reached XP level 7. HP: 38/50 MP: 7/7
  3414 | D:3      | Found a broken altar of Ashenzari.
  3541 | D:4      | Reached *** piety under Cheibriados
  3995 | D:4      | Reached **** piety under Cheibriados
  4353 | D:4      | Reached XP level 8. HP: 46/57 MP: 8/8
  4682 | D:4      | Reached ***** piety under Cheibriados
  4925 | D:4      | Found a runed translucent gate.
  4925 | D:4      | Found a runed translucent gate.
  4925 | D:4      | Found a runed translucent gate.
  4926 | D:4      | Noticed killer11drew's ghost (amateur DsFi)
  4980 | D:5      | Found a sacrificial altar of Ru.
  4986 | D:5      | Reached skill level 5 in Stealth
  5083 | D:5      | Noticed Blork the orc
  5086 | D:5      | Killed Blork the orc
  5463 | D:5      | Noticed Menkaure
  5472 | D:5      | Noticed Pikel
  5473 | D:5      | Killed Menkaure
  5474 | D:5      | Reached skill level 5 in Short Blades
  5474 | D:5      | Reached XP level 9. HP: 63/63 MP: 9/9
  5489 | D:5      | Killed Pikel
  5901 | D:5      | Found a glowing golden altar of the Shining One.
  6409 | D:6      | Noticed Grinder
  6413 | D:6      | Killed Grinder
  6512 | D:6      | Noticed Dowan
  6513 | D:6      | Noticed Duvessa
  6515 | D:6      | Killed Dowan
  6521 | D:6      | Killed Duvessa
  6618 | D:6      | Found Jotor's Magic Scroll Shop.
  6634 | D:6      | Bought a scroll of blinking for 75 gold pieces
  7088 | D:7      | Found a bloodstained altar of Trog.
  7134 | D:7      | Learned a level 1 spell: Apportation
  7258 | D:7      | Reached XP level 10. HP: 67/72 MP: 10/10
  7463 | D:7      | Noticed a red ugly thing
  7473 | D:7      | Killed a red ugly thing
  7656 | D:7      | Found Loeranov's Distillery.
  7689 | D:7      | Reached ****** piety under Cheibriados
  7813 | D:7      | You fall into a shaft and drop 3 floors!
  7813 | D:10     | Entered Level 10 of the Dungeon
  7886 | D:9      | Noticed a two-headed ogre
  7896 | D:9      | Killed a two-headed ogre
  7897 | D:9      | Reached skill level 1 in Evocations
  8431 | D:9      | Noticed a centaur warrior
  8434 | D:9      | Noticed a seven-headed hydra
  8509 | D:8      | Gained mutation: Your spells are a little harder to cast,
                  | but a little more powerful. [potion of mutation]
  8509 | D:8      | Gained mutation: You are robust. (+10% HP) [potion of
                  | mutation]
  8509 | D:8      | Gained mutation: You have supernaturally acute eyesight.
                  | (SInv) [potion of mutation]
  8510 | D:8      | Noticed Gastronok
  8520 | D:8      | Killed Gastronok
  8521 | D:8      | Reached XP level 11. HP: 65/88 MP: 11/11
  8647 | D:8      | Found a sand-covered staircase.
  8656 | Ossuary  | Entered an ossuary
  9073 | D:8      | Noticed Psyche
  9188 | D:8      | Found a transporter.
  9197 | D:8      | Found a transporter.
  9206 | D:8      | Noticed foci's ghost (novice GrFi)
  9284 | D:8      | Found Bumieqim's Weapon Shoppe.
  9580 | D:8      | Noticed Grum
  9586 | D:8      | Killed Grum
  9957 | D:9      | Found a staircase to the Orcish Mines.
  9969 | D:9      | Reached skill level 5 in Evocations
 10139 | D:9      | Found a staircase to the Lair.
 10172 | D:9      | Reached skill level 5 in Long Blades
 10320 | D:9      | Found a blossoming altar of Fedhas.
 10327 | D:9      | Reached skill level 10 in Dodging
 10363 | D:9      | Noticed a wolf spider
 10364 | D:9      | Noticed a cyan ugly thing
 10616 | D:9      | Noticed an obsidian statue
 10885 | D:10     | Found Vetsau's Antique Armour Shoppe.
 11095 | D:10     | Reached skill level 10 in Fighting
 11525 | D:10     | Learned a level 3 spell: Mephitic Cloud
 11528 | D:10     | Learned a level 2 spell: Poisonous Vapours
 11914 | D:11     | Noticed a cyclops
 11921 | D:11     | Killed a cyclops
 11934 | D:11     | Noticed an unseen horror
 12081 | D:11     | Killed an unseen horror
 12706 | D:12     | Noticed a boulder beetle
 12710 | D:12     | Noticed a phantasmal warrior
 12715 | D:12     | Killed a boulder beetle
 12716 | D:12     | Reached skill level 1 in Shields
 12716 | D:12     | Reached skill level 1 in Invocations
 12721 | D:12     | Noticed a phantasmal warrior
 12727 | D:11     | Reached XP level 12. HP: 47/96 MP: 13/13
 12933 | D:12     | Noticed a death knight
 12937 | D:11     | Killed from afar by a vampire

Illustrated notes

Levels and vault maps discovered:
D:1:      lightli_arrival_isolated_outpost, layout_basic
D:2:      layout_loops_ring, led_sif_pool, nicolae_overflow_crystal_walls,
          kennysheep_big_empty_room, uniq_natasha
D:3:      layout_basic, lemuel_crystal_altar, elyvilon_altar_4, uniq_sigmund,
          uniq_ijyb
D:4:      minmay_goblin_kobold_castle, layout_gridville,
          minmay_temple_entry_stoned_glass, serial_shops, shop_coins,
          gammafunk_ghost_necromancy, doesnt_xom_only_xom
D:5:      layout_rooms, hangedman_ru_absence, tso_altar, uniq_blork_the_orc,
          uniq_menkaure, uniq_pikel
D:6:      layout_basic, serial_shops, shop, uniq_duvessa, uniq_grinder
D:7:      layout_basic, basic_altar, serial_shops, kennysheep_little_box,
          skrybe_limestone_x
D:8:      layout_cave_pods, nzn_ghost_randoct, serial_shops, shop,
          enter_ossuary_4, uniq_gastronok, uniq_psyche, uniq_grum
D:9:      statuecave_lemuel, layout_stronghold, lemuel_coloured_pillars_altar,
          erik_lair_island, onia_ninara_dug_in_and_dangerous
D:10:     layout_big_octagon, serial_shops, nicolae_shop_stone, minmay_between
D:11:     layout_loops_ring
D:12:     layout_cave_pools, lemuel_nasty_fountain
Temple:   zaba_magenta_temple

Skill      XL: |  1  2  3  4  5  6  7  8  9 10 11 |
---------------+----------------------------------+-----
Fighting       | 4 5 6 8 9 10 | 10.3
Long Blades    | 4 6 |  6.3
Dodging        | 4 5 6 8 9 10 | 10.4
Short Blades   | 1 2 3 5 6 8 |  8.5
Stealth        | 3 6 |  6.0
Evocations     | 4 6 |  6.7
Shields        | 2 |  2.5
Invocations    | 1 |  1.9

Action                   |  1- 3 |  4- 6 |  7- 9 | 10-12 || total
-------------------------+-------+-------+-------+-------++-------
Melee: Falchion          |    62 |    10 |       |       ||    72
       Constrict         |    20 |    19 |    81 |   100 ||   220
       Tentacles         |    16 |    15 |   106 |   148 ||   285
       Short sword       |       |    83 |   101 |    69 ||   253
       Dagger            |       |       |   157 |       ||   157
       Scimitar          |       |       |       |   210 ||   210
Throw: Dart              |       |     3 |       |     1 ||     4
       Throwing net      |       |       |       |     1 ||     1
Invok: Temporal Distorti |       |       |       |     1 ||     1
Evoke: Wand              |       |       |       |     9 ||     9
  Use: Potion            |       |     1 |     1 |     1 ||     3
       Scroll            |       |       |     7 |    11 ||    18
 Stab: Sleeping          |     7 |     8 |    24 |    26 ||    65
       Held in net/web   |       |       |       |     3 ||     3
       Paralysed         |       |       |       |     6 ||     6
       Distracted        |       |       |       |     4 ||     4
Armor: Skin              |     6 |     4 |     5 |     5 ||    20
Dodge: Dodged            |    36 |    79 |   209 |   275 ||   599
Block: Tower shield      |       |       |       |    40 ||    40
       Rpst.: Falchion   |    10 |     5 |       |       ||    15
       Scimitar          |       |       |       |    75 ||    75

Table legend: (Time is in decaauts)
 A = Elapsed time spent in this place.
 B = Non-inter-level travel time spent in this place.
 C = Inter-level travel time spent in this place.
 D = Time resting spent in this place.
 E = Time spent auto-exploring this place.
 F = Levels seen in this place.
 G = Mean time per level.
                   A        B        C        D        E       F      G
               +--------+--------+--------+--------+--------+-----+--------+
         Total |  18269 |  17638 |    631 |   2373 |  11964 |  14 | 1304.9 |
       Dungeon |  17731 |  17143 |    588 |   2344 |  11681 |  12 | 1477.6 |
        Temple |     90 |     48 |     42 |      0 |     45 |   1 |   90.0 |
       Ossuary |    447 |    447 |      0 |     29 |    238 |   1 |  447.0 |
               +--------+--------+--------+--------+--------+-----+--------+

Top non-repeatable levels by time:
     D:9: 2689 daAuts
     D:4: 2545 daAuts
    D:11: 1842 daAuts
     D:6: 1824 daAuts
     D:8: 1721 daAuts
    D:10: 1542 daAuts
     D:5: 1410 daAuts
     D:2: 1302 daAuts
     D:7: 1171 daAuts
     D:3: 1060 daAuts
     D:1: 591 daAuts
 Ossuary: 447 daAuts
  Temple: 90 daAuts
    D:12: 30 daAuts
